Map: King's Cove LE

Players

contralogic

  • Race: Terran Terran
  • League: Platinum
  • Spawn Location: 11:00

Sketchaphone - Winner!

  • Race: Zerg Zerg
  • League: Platinum
  • Spawn Location: 5:00

VOD

Have the link to the VOD?

Description

Time

  • Played on: Feb. 2, 2019, 1:13 p.m.
  • Length: 21:42
Show
View Real Time Build Order
Export as new Build Order

contralogic Terran 

Build Orders: Liberator Opening 

Get SALT Encoding   

  12  0:10  Supply Depot  
  12  0:13  SCV  
  13  0:25  SCV  
  14  0:34  Barracks  
  14  0:38  SCV  
  15  0:45  Refinery  
  15  0:50  SCV  
  16  0:58  Refinery  
  16  1:02  SCV  
  17  1:15  SCV  
  18  1:23  Marine  
  19  1:26  Supply Depot  
  19  1:34  Orbital Command  
  19  1:40  Marine  
  20  1:54  Factory  
  20  1:59  SCV  
  21  2:11  SCV  
  22  2:20  Supply Depot  
  22  2:23  Marine, SCV  
  24  2:35  SCV  
  25  2:47  SCV  
  25  2:48  Marine  
  25  2:50  Starport  
  27  2:52  Factory Reactor  
  27  2:59  SCV  
  28  3:05  Marine  
  28  3:11  Bunker, SCV  
  30  3:15  Supply Depot  
  29  3:20  Liberator x2  
  29  3:24  Marine, SCV  
  31  3:39  Hellion  
  39  3:42  Marine  
  40  3:52  SCV  
  41  4:00  Marine  
  35  4:02  Liberator  
  40  4:03  Supply Depot  
  40  4:04  SCV  
  40  4:07  Liberator  
  41  4:17  Marine  
  48  4:35  Marine  
  49  4:39  Command Center  
  49  4:44  Refinery, Supply Depot  
  49  4:45  Liberator  
  49  4:47  Refinery  
  49  4:50  Liberator, SCV  
  50  4:53  Marine  
  54  5:23  Marine  
  54  5:24  Hellion  
  54  5:29  Liberator  
  54  5:33  SCV  
  55  5:41  Marine  
  56  5:45  SCV  
  60  5:59  Marine  
  52  6:35  Orbital Command  
  49  6:44  Viking x2  
  49  6:46  Factory Tech Lab  
  47  6:50  Factory  
  47  6:52  Armory  
  47  6:53  Supply Depot  
  47  6:56  Command Center  
  47  6:59  Engineering Bay  
  47  7:01  SCV  
  42  7:11  SCV  
  42  7:13  SCV  
  42  7:14  Viking  
  46  7:19  Marine  
  47  7:25  Refinery  
  45  7:40  Viking  
  47  7:44  Viking  
  47  7:51  Terran Infantry Weapons Level 1  
  49  7:52  Terran Vehicle And Ship Armor Level 1, SCV  
  50  7:59  SCV  
  50  8:03  Missile Turret  
  47  8:08  Planetary Fortress  
  47  8:10  Viking  
  47  8:11  SCV  
  50  8:14  Refinery  
  50  8:15  Missile Turret  
  50  8:47  Missile Turret  
  50  8:53  SCV  
  49  8:57  Siege Tank, Viking  
  49  8:58  Factory Tech Lab  
  54  9:03  SCV  
  54  9:04  Barracks Tech Lab  
  54  9:06  Mag-Field Accelerator  
  53  9:12  SCV  
  54  9:26  SCV  
  54  9:29  Cyclone  
  58  9:32  Command Center  
  59  9:38  SCV  
  59  9:39  Cyclone  
  59  9:42  SCV  
  59  9:44  SCV  
  59  9:45  Neosteel Armor  
  64  9:46  Terran Vehicle Weapons Level 1  
  64  9:49  Viking  
  64  9:50  SCV  
  67  9:54  SCV  
  68  10:01  Cyclone  
  69  10:33  SCV  
  70  10:40  SCV  
  69  10:57  Marine  
  69  10:58  Orbital Command  
  70  11:08  Command Center  
  70  11:09  Supply Depot  
  70  11:11  Missile Turret, SCV  
  71  11:12  Missile Turret, Command Center  
  71  11:13  Cyclone  
  71  11:14  Command Center  
  71  11:15  Marine  
  72  11:21  Cyclone  
  72  11:24  Terran Infantry Weapons Level 2  
  75  11:31  Refinery  
  75  11:32  Smart Servos  
  75  11:34  Refinery, SCV  
  75  11:36  SCV  
  77  11:40  Terran Ship Weapons Level 1  
  77  11:45  Cyclone  
  77  11:49  Missile Turret  
  77  11:50  SCV  
  78  11:57  Marine  
  79  12:06  SCV  
  80  12:11  Cyclone  
  80  12:12  Sensor Tower  
  80  12:15  Sensor Tower, Infernal Pre-Igniter, Marine  
  83  12:17  SCV  
  83  12:18  SCV  
  83  12:21  Missile Turret  
  86  12:33  Marine, Planetary Fortress x2  
  84  12:42  Missile Turret  
  81  12:51  Marine  
  79  13:07  Sensor Tower, Thor  
  79  13:08  Marine  
  79  13:12  Cyclone  
  89  13:14  Orbital Command  
  89  13:21  Supply Depot  
  89  13:26  Marine, Missile Turret  
  90  13:34  Sensor Tower, Terran Vehicle And Ship Armor Level 2  
  90  13:37  Command Center  
  90  13:40  Hi-Sec Auto Tracking  
  90  13:41  Factory  
  90  13:43  Starport  
  90  13:44  Cyclone  
  93  13:50  Cyclone, Marine  
  97  13:56  Bunker  
  97  13:59  Combat Shield  
  97  14:06  SCV  
  97  14:07  SCV, Supply Depot  
  97  14:09  Marauder, SCV x2  
  103  14:16  Cyclone  
  106  14:18  SCV  
  106  14:19  SCV  
  103  14:38  Terran Infantry Armor Level 1, SCV  
  97  14:46  Marine  
  97  14:51  Refinery  
  88  14:53  Thor  
  88  14:54  Thor  
  88  14:55  Starport Tech Lab  
  88  14:56  SCV  
  88  14:57  Planetary Fortress  
  91  15:04  Marine  
  86  15:14  Missile Turret  
  86  15:15  SCV  
  86  15:17  Missile Turret  
  86  15:19  Missile Turret  
  86  15:20  Missile Turret x2, Command Center  
  87  15:21  Sensor Tower, Marine  
  88  15:36  Thor  
  88  15:38  SCV  
  88  15:39  Marine  
  88  15:41  SCV  
  97  15:47  Refinery  
  97  15:48  SCV x4  
  101  15:50  Terran Ship Weapons Level 2, SCV  
  101  15:53  SCV  
  103  16:00  SCV x4  
  103  16:03  Marine, Thor  
  105  16:05  SCV  
  106  16:12  SCV x2  
  106  16:17  SCV  
  105  16:29  SCV  
  106  16:34  Marine, Thor  
  106  16:36  SCV  
  106  16:37  Planetary Fortress  
  108  16:41  SCV  
  108  16:44  Missile Turret  
  108  16:46  Thor  
  115  16:47  Factory Tech Lab  
  115  16:48  Raven  
  115  16:50  Terran Infantry Weapons Level 3  
  115  16:53  SCV  
  118  17:01  Starport  
  118  17:03  Starport  
  118  17:04  Starport, Cloaking Field  
  118  17:06  Starport  
  118  17:21  Marine, Command Center  
  119  17:27  Barracks x2  
  119  17:30  Stimpack  
  119  17:31  Medivac, Barracks x2, SCV  
  119  17:35  SCV x2  
  124  17:39  Marauder  
  124  17:42  Thor  
  132  17:49  Starport Tech Lab  
  131  17:52  Starport Tech Lab  
  131  17:55  Starport Tech Lab  
  121  18:00  Marine  
  121  18:01  Raven  
  124  18:05  Terran Vehicle Weapons Level 2  
  124  18:15  Thor  
  124  18:18  Banshee  
  124  18:19  Banshee, Raven  
  138  18:21  Bunker  
  138  18:22  Supply Depot  
  138  18:26  Marine  
  139  18:32  Thor  
  128  18:42  Starport Tech Lab  
  128  18:44  Medivac, Marine  
  131  18:58  Thor  
  131  19:01  Banshee, Marine  
  141  19:06  Missile Turret x2, Command Center  
  141  19:09  Refinery  
  141  19:13  Banshee  
  141  19:15  Refinery, Thor  
  150  19:19  Marine, SCV  
  138  19:31  Concussive Shells  
  137  19:37  Marine  
  135  19:41  Thor  
  137  19:55  Marine  
  137  19:57  Thor  
  141  20:09  Command Center  
  141  20:13  Marine  
  140  20:54  Thor  
  139  21:06  Command Center  
  139  21:18  Marine  
Show
View Real Time Build Order
Export as new Build Order

Sketchaphone Zerg - Winner!

Build Orders: Hatch First 

Get SALT Encoding   

  12  0:01  Drone  
  13  0:13  Overlord  
  13  0:18  Drone  
  14  0:23  Extractor  
  14  0:24  Drone  
  15  0:33  Drone  
  16  0:36  Drone  
  17  0:58  Hatchery  
  17  1:02  Drone  
  17  1:04  Extractor  
  17  1:06  Drone  
  17  1:12  Drone  
  18  1:30  Spawning Pool  
  17  1:32  Drone  
  17  1:37  Drone  
  19  1:40  Drone  
  20  1:51  Drone  
  21  2:02  Overlord  
  21  2:12  Overlord  
  21  2:14  Drone  
  22  2:19  Metabolic Boost, Queen  
  23  2:26  Zergling x2  
  23  2:29  Queen  
  24  2:32  Drone  
  27  2:38  Drone  
  27  2:42  Zergling x2  
  29  2:55  Drone  
  29  2:56  Drone  
  29  2:58  Drone x2  
  33  3:05  Queen  
  34  3:20  Zergling x8  
  34  3:25  Overlord  
  38  3:30  Hatchery  
  36  3:40  Overlord  
  36  3:47  Overlord, Zergling x2  
  37  3:55  Drone  
  38  3:57  Zergling x2  
  38  3:58  Drone  
  38  3:59  Drone x2  
  42  4:17  Drone x2  
  42  4:18  Zergling x2, Drone  
  46  4:28  Queen  
  46  4:29  Drone  
  49  4:31  Drone x2  
  49  4:32  Drone  
  49  4:33  Evolution Chamber, Extractor  
  49  4:34  Evolution Chamber, Drone, Extractor  
  49  4:35  Extractor  
  48  4:54  Spore Crawler x2  
  48  4:56  Spore Crawler  
  45  5:06  Drone x3  
  45  5:14  Drone  
  45  5:15  Drone x4  
  45  5:18  Spore Crawler x2  
  45  5:19  Drone  
  47  5:29  Drone  
  47  5:30  Queen x2  
  47  5:31  Zerg Melee Weapons Level 1  
  45  5:58  Drone x3  
  45  5:59  Zergling x6, Drone  
  45  6:00  Zergling x4  
  49  6:16  Spore Crawler  
  45  6:19  Spore Crawler  
  42  6:34  Spore Crawler  
  42  6:39  Drone x2  
  42  6:45  Drone x2  
  39  7:13  Zergling x6  
  42  7:22  Spine Crawler  
  41  7:24  Spine Crawler  
  41  7:25  Zergling x4  
  42  7:34  Drone  
  42  7:40  Overlord x2, Lair  
  42  7:41  Overlord  
  42  7:58  Queen x2  
  42  8:02  Drone x12  
  58  8:06  Overlord  
  58  8:30  Drone x6  
  58  8:34  Queen  
  66  8:52  Drone x2  
  66  8:55  Zerg Ground Armor Level 1  
  68  8:58  Burrow  
  68  8:59  Roach Warren  
  64  9:12  Overlord  
  64  9:22  Overlord x2  
  64  9:33  Overlord x2, Drone x3  
  64  9:35  Hatchery  
  64  9:36  Zergling x14  
  64  9:37  Hatchery  
  64  9:38  Glial Reconstitution  
  72  9:39  Overlord x3  
  72  9:42  Hatchery  
  72  9:44  Hydralisk Den  
  70  9:54  Overlord  
  70  10:05  Overlord  
  70  10:10  Overlord, Infestation Pit  
  70  10:11  Drone x5  
  74  10:14  Grooved Spines  
  74  10:19  Zerg Missile Weapons Level 1  
  73  10:21  Evolution Chamber  
  72  10:31  Drone  
  72  10:32  Overlord, Drone  
  72  10:34  Spire  
  71  10:38  Extractor  
  71  10:40  Extractor  
  71  10:41  Drone x2  
  59  10:53  Zergling x22  
  69  11:02  Queen  
  69  11:04  Queen  
  69  11:05  Queen x4  
  69  11:08  Drone  
  69  11:11  Drone x9  
  89  11:12  Overlord  
  89  11:21  Overlord  
  89  11:24  Zerg Ground Armor Level 2  
  89  11:26  Pathogen Glands  
  95  11:41  Queen  
  89  11:48  Zergling x28  
  89  11:49  Zergling x2  
  89  11:53  Zerg Melee Weapons Level 2  
  94  12:44  Swarm Host  
  94  12:45  Swarm Host x2  
  94  12:47  Zergling x6  
  94  12:48  Zergling x10  
  94  12:49  Zergling x22  
  120  12:54  Baneling Nest  
  119  13:10  Extractor  
  119  13:12  Extractor  
  117  13:29  Overlord  
  117  13:30  Overlord  
  117  13:35  Pneumatized Carapace  
  117  13:36  Hive  
  117  13:40  Hydralisk x3  
  123  13:42  Zergling x34  
  140  13:54  Drone  
  140  13:55  Drone  
  142  13:57  Drone x3  
  142  13:58  Overlord x2  
  142  13:59  Overlord  
  145  14:13  Overlord  
  145  14:15  Corruptor x7  
  147  14:36  Baneling x8  
  144  14:43  Drone x2  
  121  15:10  Zergling x10  
  121  15:11  Zergling x36  
  144  15:24  Zergling x22  
  155  15:46  Greater Spire  
  155  15:48  Centrifical Hooks  
  148  16:05  Baneling  
  148  16:09  Zergling x32  
  156  16:11  Zergling x22  
  162  16:24  Baneling x15  
  161  16:29  Swarm Host  
  177  16:52  Baneling x2  
  177  16:53  Baneling x11  
  177  16:54  Zergling x20, Hatchery  
  177  17:00  Drone x3  
  189  17:21  Zerg Ground Armor Level 3  
  189  17:23  Zerg Melee Weapons Level 3  
  189  17:26  Tunneling Claws  
  178  18:11  Roach x10  
  198  18:13  Overlord, Drone  
  184  18:39  Zergling x44  
  186  18:50  Drone x9  
  186  18:54  Queen  
  197  19:04  Brood Lord  
  172  19:59  Brood Lord  
  162  20:00  Brood Lord x4, Hydralisk  
  162  20:01  Hydralisk x14  
  198  20:19  Roach  
  148  20:51  Roach  
  148  20:52  Roach x23  
Tags
 
Add a new tag
Caveats
  • Supply blocks, unpowered buildings, or Contaminate may cause inaccurate times.
  • Supply counts are checked every 10 seconds.